Unix NetHack Version 5.0.0-0 post-release - last build Jun 10 2026 00:39:30 (3ee93aec679c4c4259841fe613dc97188e26a321,branch:main).

Game began 2026-06-30 18:37:46, ended 2026-06-30 19:06:52.

Eymerich, chaotic male elven Priest

                                               ----------
 -----               ------                    |.......(|
 |[..-#              |.....#      -----########-........|
 |.).|#              |...^|#######....|#       |........|
 |)..|#              |....|# #    |...|########........<|  ########
 -----#              |.....####   |^...##      -.--------     ----.-
      ##             --|---  #####....|#        ###   #       |....|
       #               #      ##  |...|#          ####       #-....|
       #         #d##@o#       ## -----#            ####     #|....|
       #       ###              ###    #          ---|-.--  ##------
       # #######                  ######          |......|  #
       #-.--------------                          |..>...|###
       #-..............|                          |......|#
        |.............%|                          |.......#
        |..............|                          --------
        ------------#---

Eymerich the Acolyte         St:9 Dx:13 Co:11 In:10 Wi:20 Ch:12  Chaotic
Dlvl:2  $:302 HP:0(31) Pw:66(66) AC:10 Xp:4 T:1993  Hungry   Burdened

Latest messages:
 You kill the shrieker!
 The lichen touches you!
 You hit the lichen.
 The lichen touches you!
 You miss the lichen.
 You kill the lichen!
 You see here a lichen corpse.
 You have a little trouble lifting j - a lichen corpse (5 in total).
 You climb up the stairs.
 You remember this level as iron bars, locked chest.
 Where do you want to travel to?
 (For instructions type a '?')
 You are beginning to feel hungry.
 Where do you want to travel to?
 (For instructions type a '?')
 The giant bat bites!
 The giant bat bites!
 The giant bat bites!
 You miss the giant bat.
 The giant bat bites!
 The giant bat bites!
 You miss the giant bat.
 The giant bat bites!
 The giant bat bites!
 You feel more confident in your weapon skills.
 You hit the giant bat.
 The giant bat bites!
 You swap places with Pinky.
 You stop.  Pinky is in the way!
 You swap places with Pinky.
 You swap places with Pinky.
 You stop.  Pinky is in the way!
 The hobbit throws an elven dagger!
 You are hit by an elven dagger!
 Elf is about to die.
 You stop waiting.
 What do you want to use or apply? [iknx or ?*]
 Improvise? [ynq] (q)
 You start playing your bugle.
 You extract a loud noise from your bugle.
 The hobbit turns to flee.
 Pinky turns to flee.
 The goblin throws a crude dagger!
 The crude dagger slips as the goblin throws it!
 The goblin hits!
 You die...
 Do you want your possessions identified? [ynq] (y)
 Do you want to see your attributes? [ynq] (y)
 Do you want an account of creatures vanquished? [ynaq] (y)
 Do you want to see your conduct and achievements? [ynq] (y)

Inventory:
 Coins    ('$')
  $ - 302 gold pieces
 Weapons  (')')
  v - 19 +1 arrows named high
  u - 64 +0 arrows named standard
  B - a blessed +0 flail (weapon in right hand)
  a - a blessed +1 mace (alternate weapon; not wielded)
 Armor    ('[')
  E - a +0 shield of drain resistance
  b - a +0 robe
 Comestibles  ('%')
  e - a clove of garlic
  p - a pancake
  f - a sprig of wolfsbane
  j - 5 lichen corpses
 Scrolls  ('?')
  F - a scroll of charging
  m - a scroll of fire
 Spellbooks  ('+')
  n - a spellbook of dig
 Potions  ('!')
  K - 2 potions of confusion
  z - a potion of fruit juice
  t - a potion of healing
  L - a blessed potion of restore ability
  d - 4 potions of holy water
  r - a potion of water
  H - a potion of water
 Rings    ('=')
  A - a ring of levitation
 Wands    ('/')
  x - a wand of light (0:12)
 Tools    ('(')
  i - a bugle
  k - a towel
 Gems/Stones  ('*')
  q - a worthless piece of white glass named soft

Eymerich the Priest's attributes:

Background:
 You were an Acolyte, a level 4 elven Priest.
 You were chaotic, on a mission for Manannan Mac Lir
 who was opposed by Lugh (lawful) and Brigit (neutral).
 You were right-handed.
 You were in the Dungeons of Doom, on level 2.
 You entered the dungeon 1993 turns ago.
 There was a full moon in effect when your adventure ended.
 You had 104 experience points, 56 more were needed to attain level 5.

Basics:
 You had 0 out of 31 hit points.
 You had all 66 energy points (spell power).
 Your armor class was 10.
 Your wallet contained 302 zorkmids.
 Autopickup was off.

Final Characteristics:
 Your strength was 9 (limit:18).
 Your dexterity was 13 (limit:18).
 Your constitution was 11 (limit:16).
 Your intelligence was 10 (limit:20).
 Your wisdom was 20 (limit:20).
 Your charisma was 12 (limit:18).

Final Status:
 You were hungry.
 You were burdened; movement was slightly slowed.
 You were wielding a flail.
 You were unskilled in flail and could have enhanced that.
 You weren't wearing any armor.

Final Attributes:
 You were devoutly aligned.
 You were sleep resistant.
 You had infravision.
 You were lucky.
 You are dead.

Miscellaneous:
 You didn't encounter any bones levels.
 Total elapsed playing time was 29 minutes and 5 seconds.

Major events:
 Turn
    1: Eymerich the chaotic elven Priest entered the dungeon
  673: attained the rank of Acolyte (level 3)
 1993: killed by a goblin

Spells:
 Name                 Level Category     Fail Retention
 light                  1   clerical       0%  91%-100%
 remove curse           3   clerical       0%  91%-100%

Skills:
 Fighting Skills
   bare handed combat [Unskilled]
 Weapon Skills
   club               [Unskilled]
   mace               [Basic]
   morning star       [Unskilled]
   flail              [Unskilled]
   hammer             [Unskilled]
   quarterstaff       [Unskilled]
   polearms           [Unskilled]
   spear              [Unskilled]
   trident            [Unskilled]
   lance              [Unskilled]
   bow                [Unskilled]
   sling              [Unskilled]
   crossbow           [Unskilled]
   dart               [Unskilled]
   shuriken           [Unskilled]
   boomerang          [Unskilled]
   unicorn horn       [Unskilled]
 Spellcasting Skills
   healing spells     [Unskilled]
   divination spells  [Unskilled]
   clerical spells    [Basic]

Voluntary challenges:
 Character rerolling was not enabled.
 You were illiterate.
 You never genocided any monsters.
 You never polymorphed an object.
 You never changed form.
 You used no wishes.
Achievements:
 You entered a shop.
 You attained the rank of Acolyte.

 The Dungeons of Doom: levels 1 to 3
    Level 1:
    Level 2: "iron bars, locked chest" <- You were here.
       A general store.
       Final resting place for
          you, killed by a goblin.
    Level 3:
       A potion shop, a fountain.


Vanquished creatures:
  a shrieker
 an orc zombie
  a large kobold
  a giant rat
  3 yellow molds
  a red mold
  a gnome zombie
  2 geckos
  9 jackals
  3 foxes
  3 kobolds
  a goblin
  2 grid bugs
  6 lichens
  2 kobold zombies
  6 newts
43 creatures vanquished.

No species were genocided or became extinct.

Game over:
                       ----------
                      /          \
                     /    REST    \
                    /      IN      \
                   /     PEACE      \
                  /                  \
                  |     Eymerich     |
                  |      302 Au      |
                  |   killed by a    |
                  |      goblin      |
                  |                  |
                  |                  |
                  |       2026       |
                 *|     *  *  *      | *
        _________)/\\_//(\/(/\)/\//\/|_)_______

Goodbye Eymerich the Priest...

You died in The Dungeons of Doom on dungeon level 2 with 788 points,
and 302 pieces of gold, after 1993 moves.
You were level 4 with a maximum of 31 hit points when you died.

